 Dungeon Crawl Stone Soup version 0.27-a0-1273-gec92ba881d (webtiles) character file.

Game seed: 9069620782299069051

1921 porpoise the Skirmisher (level 9, -1/68 HPs)
             Began as a Djinni Air Elementalist on June 12, 2021.
             Was an Initiate of Nemelex Xobeh.
             Slain by a two-headed ogre
             ... wielding a +0 giant club
              (17 damage)
             ... on level 6 of the Dungeon.
             The game lasted 00:33:31 (7718 turns).

porpoise the Skirmisher (Djinni Air Elementalist)   Turns: 7718, Time: 00:33:31

Health: -1/68      AC:  6    Str:  9    XL:     9   Next: 39%
Gold:   204        EV: 13    Int: 17    God:    Nemelex Xobeh [......] SH:  0 Dex: 15

rFire    + + .     SeeInvis .   a - +2 short sword (elec)
rCold    x . .     Faith    .   (no shield)
rNeg     . . .     Spirit   .   s - +2 robe {Archmagi}
rPois    ∞         Reflect  .   (no helmet)
rElec    .         Harm     .   x - +0 cloak
rCorr    .         Rampage  .   k - +0 pair of gloves
Will     .....                  (boots unavailable)
Stlth    ++........             (no amulet)
HPRegen  0.21/turn              (no ring)
MPRegen  0.00/turn              (no ring)

@: flying
A: sickness immunity, fire resistance 2, cold vulnerability 1, float, innate
caster, hp casting, extra vitality 1
a: Renounce Religion, Draw Escape, Draw Destruction, Draw Summoning


You were on level 6 of the Dungeon.
You worshipped Nemelex Xobeh.
Nemelex Xobeh was noncommittal.
You visited 2 branches of the dungeon, and saw 7 of its levels.
You also visited: Sewer.

You collected 204 gold pieces.

Inventory:

Hand Weapons
 a - a +2 short sword of electrocution (weapon)
 b - a +0 hunting sling
Missiles
 f - 13 javelins
 j - 46 poisoned darts
 n - 38 sling bullets
 t - 2 curare-tipped darts
 y - 201 stones
Armour
 d - a +0 robe
 e - a +0 kite shield
 k - a +0 pair of gloves (worn)
 s - a +2 robe of the Archmagi (worn)
 x - a +0 cloak (worn)
 B - +0 steam dragon scales
Wands
 w - a wand of flame (26)
Scrolls
 g - 4 scrolls of magic mapping
 l - 2 scrolls of fog
 m - a scroll of blinking {unknown}
 C - a scroll of enchant armour {unknown}
Potions
 c - 3 potions of curing {unknown}
 h - 5 potions of haste
 i - a potion of lignification {unknown}
 q - 5 potions of might
 r - 2 potions of brilliance {unknown}
 u - a potion of ambrosia {unknown}
 v - a potion of resistance {unknown}
 z - a potion of cancellation {unknown}
 A - a potion of mutation {unknown}


   Skills:
 - Level 7.0 Fighting
 + Level 3.5 Dodging
 - Level 1.5 Stealth
 - Level 7.0 Spellcasting
 + Level 2.2 Invocations


You couldn't memorise any spells.
You knew the following spells:

 Your Spells              Type           Power      Damage    Failure   Level
a - Shock                 Conj/Air       100%       1d9       1%          1
b - Ozocubu's Armour      Ice            44%        N/A       1%          3
c - Corpse Rot            Necr/Air       N/A        N/A       1%          2
d - Static Discharge      Conj/Air       44%        N/A       1%          2
f - Foxfire               Conj/Fire      100%       2x1d9     1%          1
i - Call Imp              Summ           44%        N/A       1%          2
l - Lightning Bolt        Conj/Air       22%        1d37      19%         5
r - Airstrike             Air            22%        N/A       6%          4
w - Swiftness             Air            44%        N/A       1%          3
Your spell library was empty.

Dungeon Overview and Level Annotations

Branches:
Dungeon (6/15)             Temple (1/1) D:5           Sewer (visited)

Altars:
Cheibriados
Elyvilon
Fedhas
Gozag
Hepliaklqana
Makhleb
Nemelex Xobeh
Okawaru
Qazlal
Ru
Sif Muna
Trog
Zin

Shops:
D:4 =   D:5 !


Innate Abilities, Weirdness & Mutations

You are immune to sickness and miasma.
You are immune to poison.
Your flesh is very heat resistant. (rF++)
You are vulnerable to cold. (rC-)
You float through the air rather than walking.
You learn spells naturally, not from books.
Your magical power is your life essence.
You have superior vitality. (+4 HP)


Message History

You are struck by an arc of lightning.
* * * LOW HITPOINT WARNING * * *
The lightning grounds out.
* * * LOW HITPOINT WARNING * * *
You feel much better.
The kobold shouts!
You hear a shout!
The two-headed ogre hits you with a +0 giant club.
The two-headed ogre closely misses you.
A kobold comes into view. It is wielding a +0 whip.
You hear a shout! x2
Casting: Static Discharge (safe; 1% risk of failure)
Confirm with . or Enter, or press ? or * to list all spells.
You feel a surge of power!
The two-headed ogre is struck by an arc of lightning!
The two-headed ogre is severely wounded.
The lightning grounds out.
The two-headed ogre hits you with a +0 giant club!!
* * * LOW HITPOINT WARNING * * *
The two-headed ogre hits you with a +0 giant club!
* * * LOW HITPOINT WARNING * * *
You feel much better.
The kobold throws a stone.
The stone hits you but does no damage. The two-headed ogre closely misses you.
The two-headed ogre misses you.
Casting: Static Discharge (safe; 1% risk of failure)
Confirm with . or Enter, or press ? or * to list all spells.
You feel a surge of power!
The two-headed ogre is struck by an arc of lightning.
The two-headed ogre is almost dead.
You are struck by an arc of lightning.
* * * LOW HITPOINT WARNING * * *
The two-headed ogre is struck by an arc of lightning.
The two-headed ogre is almost dead.
The lightning grounds out.
* * * LOW HITPOINT WARNING * * *
You feel much better.
The two-headed ogre hits you with a +0 giant club!
* * * LOW HITPOINT WARNING * * *
The two-headed ogre hits you with a +0 giant club!
You die...
Your body disappears without a glow.

############
#.....@K..K#
#....[O.......
#.......(.....
...........K...
##......$......
#####.#.......
#####.#....... ..
...........#.#...
......)....#.#...


You could see a two-headed ogre and 3 kobolds.

Vanquished Creatures
  A centaur zombie (D:6)
  A steam dragon (D:6)
  A water moccasin (D:6)
  A sky beast (D:3)
  An ice beast (D:5)
  An ogre (D:5)
  2 black bears
  3 phantoms
  Blork the orc (D:6)
  2 bullfrogs (Sewer)
  A scorpion (D:5)
  A water moccasin skeleton (D:4)
  2 jellies (D:6)
  A bullfrog skeleton (D:5)
  A hound (D:4)
  A killer bee zombie (D:5)
  A hound zombie (D:5)
  A hound skeleton (D:4)
  4 gnolls
  3 river rats (Sewer)
  6 adders
  An ufetubus (D:5)
  An adder skeleton (D:2)
  3 worms (D:2)
  3 dart slugs
  5 orcs (D:3)
  5 bats
  7 endoplasms
  4 giant cockroaches
  8 goblins
  9 hobgoblins
  4 jackals
  6 quokkas
  18 ball pythons
  7 frilled lizards
  10 kobolds
  30 rats
157 creatures vanquished.

Vanquished Creatures (others)
  215 foxfires
215 creatures vanquished.

Grand Total: 372 creatures vanquished

Notes
Turn   | Place    | Note
-------+----------+-------------------------------------------
     0 | D:1      | porpoise the Djinni Air Elementalist began the quest for
                  | the Orb.
     0 | D:1      | Reached XP level 1. HP: 15/15 MP: 0/0
   266 | D:1      | Reached XP level 2. HP: 20/22 MP: 0/0
   313 | D:1      | Reached skill level 1 in Fighting
  1040 | D:1      | Reached XP level 3. HP: 12/28 MP: 0/0
  1040 | D:1      | Learned a level 1 spell: Foxfire
  1783 | D:2      | Reached XP level 4. HP: 31/34 MP: 0/0
  2800 | D:2      | Found a faded altar of an unknown god.
  2910 | D:3      | Found a sacrificial altar of Ru.
  2912 | D:3      | Reached XP level 5. HP: 40/40 MP: 0/0
  2912 | D:3      | Learned a level 2 spell: Call Imp
  2926 | D:3      | Found a glowing drain.
  2937 | Sewer    | Entered a sewer
  3353 | Sewer    | Noticed a bullfrog
  3360 | Sewer    | Killed a bullfrog
  3361 | Sewer    | Reached XP level 6. HP: 38/47 MP: 0/0
  4151 | D:3      | Reached XP level 7. HP: 48/53 MP: 0/0
  4151 | D:3      | Learned a level 2 spell: Corpse Rot
  4593 | D:3      | HP: 1/53 [sky beast (6)]
  5034 | D:4      | Reached skill level 5 in Fighting
  5153 | D:4      | Found Veal's Jewellery Emporium.
  5403 | D:4      | Reached skill level 5 in Spellcasting
  5741 | D:4      | Reached XP level 8. HP: 50/61 MP: 0/0
  6024 | D:5      | Entered Level 5 of the Dungeon
  6374 | D:5      | Found a staircase to the Ecumenical Temple.
  6383 | Temple   | Entered the Ecumenical Temple
  6407 | Temple   | Became a worshipper of Nemelex Xobeh the Trickster
  6525 | D:5      | Found Wackeodd's Distillery.
  6790 | D:5      | HP: 2/62 [/static electricity (1)]
  7228 | D:5      | Found a glowing silver altar of Zin.
  7228 | D:5      | Noticed an angel
  7282 | D:6      | Noticed Blork the orc
  7290 | D:6      | Killed Blork the orc
  7291 | D:6      | Reached XP level 9. HP: 24/68 MP: 0/0
  7291 | D:6      | Learned a level 3 spell: Ozocubu's Armour
  7692 | D:6      | Noticed a gargoyle
  7712 | D:6      | Noticed a two-headed ogre
  7715 | D:6      | HP: 1/68 [two-headed ogre/+0 giant club (15)]
  7718 | D:6      | Slain by a two-headed ogre

Illustrated notes

Levels and vault maps discovered:
D:1:      lightli_arrival_statuegarden, layout_loops_corners
D:2:      layout_loops_ring, dilly_ecumenical_altar_fadedgnrine,
          corexii_hall_statues_u, minmay_circled_x
D:3:      layout_loops_cross, general_overflow_altar,
          cheibrodos_sewer_entry_sluice
D:4:      layout_basic, serial_shops, nicolae_shop_behind_doors
D:5:      layout_rooms, zin_angel, minmay_temple_entry_ruins, serial_shops,
          nicolae_shop_trees, bh_walls_and_bars
D:6:      layout_rooms, kennysheep_crisscross, uniq_blork_the_orc
Temple:   minmay_freezing_vapour_temple

Skill      XL: |  1  2  3  4  5  6  7  8  9 |
---------------+----------------------------+-----
Fighting       | 1 2 4 5 7 |  7.0
Spellcasting   | 3 4 5 6 7 |  7.0
Dodging        | 3 |  3.5
Invocations    | 2 |  2.2
Stealth        | |  1.5

Action                   |  1- 3 |  4- 6 |  7- 9 || total
-------------------------+-------+-------+-------++-------
Melee: Short sword       |       |     2 |    10 ||    12
 Cast: Shock             |    47 |    66 |    53 ||   166
       Static Discharge  |     2 |     3 |    16 ||    21
       Foxfire           |     7 |    55 |    64 ||   126
       Corpse Rot        |       |       |     1 ||     1
       Airstrike         |       |       |     5 ||     5
       Call Imp          |       |       |     2 ||     2
       Swiftness         |       |       |     1 ||     1
  Use: Scroll            |       |     3 |     6 ||     9
       Potion            |       |       |     5 ||     5
 Stab: Sleeping          |       |     1 |     2 ||     3
Armor: Robe              |     1 |     3 |    16 ||    20
Dodge: Dodged            |     3 |     9 |    53 ||    65

Table legend: (Time is in decaauts)
 A = Elapsed time spent in this place.
 B = Non-inter-level travel time spent in this place.
 C = Inter-level travel time spent in this place.
 D = Time resting spent in this place.
 E = Time spent auto-exploring this place.
 F = Levels seen in this place.
 G = Mean time per level.
                   A        B        C        D        E       F      G
               +--------+--------+--------+--------+--------+-----+--------+
         Total |   7716 |   7540 |    176 |   3523 |   2944 |   8 |  964.5 |
       Dungeon |   7071 |   6900 |    171 |   3228 |   2866 |   6 | 1178.5 |
        Temple |     29 |     24 |      5 |      0 |     10 |   1 |   29.0 |
         Sewer |    614 |    614 |      0 |    295 |     68 |   1 |  614.0 |
               +--------+--------+--------+--------+--------+-----+--------+

Top non-repeatable levels by time:
     D:1: 1585 daAuts
     D:2: 1308 daAuts
     D:3: 1268 daAuts
     D:4: 1247 daAuts
     D:5: 1206 daAuts
   Sewer: 614 daAuts
     D:6: 455 daAuts
  Temple: 29 daAuts
